 Dungeon Crawl Stone Soup version 0.18-a0-1683-gf9322e6 (webtiles) character file.

88 Duffy the Chopper (level 4, 32/35 HPs)
             Began as a Demonspawn Berserker on Apr 3, 2016.
             Was a Follower of Trog.
             Quit the game in a sewer.
             The game lasted 00:01:05 (299 turns).

Duffy the Chopper (Demonspawn Berserker)             Turns: 299, Time: 00:01:05

Health: 32/35      AC:  2    Str: 17    XL:     4   Next: 29%
Magic:  4/4        EV: 12    Int:  9    God:    Trog [*.....]
Gold:   40         SH:  0    Dex: 13    Spells: 0 memorised, 3 levels left

rFire  . . .     SeeInvis .     a - +0 hand axe
rCold  . . .     Gourm    .     b - +0 animal skin
rNeg   . . .     Faith    .     (no shield)
rPois  .         Spirit   +     (helmet restricted)
rElec  .         Dismiss  .     (no cloak)
rCorr  .         Reflect  .     (no gloves)
SustAt .         Harm     .     (no boots)
MR     .....                    e - amulet of magic regeneration (curse)
Stlth  +.........               (no ring)
                                (no ring)

@: exhausted, not resistant to hostile enchantments, very unstealthy
A: antennae 1, claws 1, magic shield
a: Berserk, Burn Spellbooks, Renounce Religion


You were in a sewer.
You worshipped Trog.
Trog was aware of your devotion.
You were not hungry.

You visited 1 branch of the dungeon, and saw 3 of its levels.
You also visited: Sewer.

You collected 40 gold pieces.


Innate Abilities, Weirdness & Mutations

You have a pair of small antennae on your head.
You have sharp fingernails.
When hurt, damage is shared between your health and your magic reserves.


   Skills:
 - Level 3.0 Fighting
 + Level 4.6 Axes
 - Level 1.7 Armour
 - Level 1.7 Dodging


You had 3 spell levels left.
You didn't know any spells.

Inventory:

Hand Weapons
 a - a +0 hand axe (weapon)
Armour
 b - a +0 animal skin (worn)
Jewellery
 e - a cursed amulet of magic regeneration (around neck)
Scrolls
 d - a scroll of teleportation {unknown}
Comestibles
 c - 2 bread rations
 f - 2 chunks of flesh

Dungeon Overview and Level Annotations

Branches:
Dungeon (3/15)

Altars:


Message History

You hit the big kobold.
You kill the big kobold!
Trog accepts your kill.
You hear a splash.
Your Axes skill increases to level 4!
You have reached level 3!
Your experience leads to an increase in your attributes!
Your base attributes are Str 17, Int 8, Dex 12.
Increase (S)trength, (I)ntelligence, or (D)exterity?
You feel agile.
Your demonic ancestry asserts itself...
Your fingernails lengthen.
You have reached level 4!
You feel clever.
Your demonic ancestry asserts itself...
You feel your magical essence form a protective shroud around your flesh.
You hit the worm.
The worm is almost dead.
You slash the worm!
You kill the worm!
Trog accepts your kill.
You enter the shallow water.
Moving in this stuff is going to be slow.
You see here a worm corpse.
You butcher the worm corpse.
You enjoyed that.
f - 2 chunks of flesh (gained 1)
You feel a strong urge to attack something.
Things that are here:
a dagger; a big kobold corpse You are no longer berserk.
You are exhausted.
You feel yourself slow down.
You enter the shallow water.
Moving in this stuff is going to be slow.
You start resting.
You feel yourself speed up.
Are you sure you want to abandon this character and quit the game? (Confirm with "yes".)

##### #.#.#
#~#~# #~#~#
#~#~# #.)~#
##.## ~# #@# ~#
#~###~# #..~~~#
##~~~## #.~~#
#.~~# #~~.##
#~~ #~~~.##
#..~
#.~~.~#####~.~.


There were no monsters in sight!

Action                   |  1- 3 |  4- 6 || total
-------------------------+-------+-------++-------
Melee: Hand axe          |    35 |     1 ||    36
Invok: Berserk           |     2 |       ||     2
 Stab: Sleeping          |     1 |       ||     1

Notes
Turn   | Place    | Note
--------------------------------------------------------------
     0 | D:1      | Duffy the Demonspawn Berserker began the quest for the Orb.
     0 | D:1      | Reached XP level 1. HP: 18/18 MP: 1/1
   112 | D:3      | Reached skill level 3 in Axes
   113 | D:3      | Gained mutation: You have a pair of small antennae on your head. [demonic ancestry]
   113 | D:3      | Reached XP level 2. HP: 23/24 MP: 2/2
   231 | D:3      | Found a glowing drain.
   250 | Sewer    | Entered a sewer
   266 | Sewer    | Noticed a big kobold
   275 | Sewer    | Killed a big kobold
   275 | Sewer    | Reached skill level 4 in Axes
   275 | Sewer    | Gained mutation: You have sharp fingernails. [demonic ancestry]
   275 | Sewer    | Reached XP level 3. HP: 29/29 MP: 3/3
   275 | Sewer    | Gained mutation: When hurt, damage is shared between your health and your magic reserves. [demonic ancestry]
   275 | Sewer    | Reached XP level 4. HP: 35/35 MP: 4/4
   299 | Sewer    | Quit the game

Vault maps used:
D:1:      dpeg_arrival_rhombi, hangedman_glass_teeth, ashenzari_altar_1
D:2:      first_bread, minmay_snake_closets
D:3:      portal_sewer_entry_b, kennysheep_cluttered_room,
          nicolae_tso_carved_into_rock
Sewer:    sewer_co_tree

Vanquished Creatures
  A big kobold
  2 worms
  3 orcs
  A giant cockroach
  A bat
  2 giant newts
  2 kobolds
  2 rats
14 creatures vanquished.
